 Dungeon Sprint DCSS version 0.17-a0-1262-gd250d98 (webtiles) character file.

925 Kidiri the Fighter (level 7, -4/64 HPs)
             Began as a White Draconian Abyssal Knight on June 6, 2015.
             Was the Champion of Lugonu.
             Slain by a swamp dragon (6 damage)
             ... in the Dungeon (Sprint VII: "The Pits").
             The game lasted 00:05:41 (1171 turns).

Kidiri the Fighter (White Draconian Abyssal Knight) Turns: 1171, Time: 00:05:43

Health: -4/64      AC:  7    Str: 13 (17) XL:     7   Next: 84%
Magic:  14/14      EV: 15    Int: 12      God:    Lugonu [******]
Gold:   0          SH:  3    Dex: 11 (12) Spells: 0 memorised, 6 levels left

rFire  . . .     SeeInvis .     q - +0 long sword (flame)
rCold  + . .     Clarity  .     (armour unavailable)
rNeg   . . .     SustAt   .     r - +0 buckler
rPois  +         Gourm    .     (helmet restricted)
rElec  .         Spirit   .     (no cloak)
rCorr  .         Warding  .     (no gloves)
rMut   .         NoTele   +     (no boots)
MR     .....                    (no amulet)
Stlth  +.........               (no ring)
                                (no ring)

@: not resistant to hostile enchantments, very unstealthy
A: breathe frost, unfitting armour, agile 1, cold resistance 1, deterioration 1,
frail 1, poison resistance, shaggy fur 1, cold-blooded, AC +6
a: Breathe Frost, Bend Space, Banish, Corrupt, Renounce Religion


You were in the Dungeon.
You worshipped Lugonu.
Lugonu was exalted by your worship.
You were not hungry.

You visited 1 branch

Inventory:

Hand weapons
 a - a +1 falchion
 o - a +2 falchion
 q - a +0 long sword of flaming (weapon)
Armour
 r - a +0 buckler (worn)
Scrolls
 h - a scroll of blinking
 l - 3 scrolls of remove curse
 m - 5 scrolls of amnesia
 n - a scroll of summoning
Potions
 c - 6 potions of curing
 e - a potion of haste
 f - 4 potions of magic
 g - 2 potions of berserk rage
 k - 2 potions of invisibility
Comestibles
 b - 8 bread rations
 i - 40 fruits
 j - 6 meat rations
 p - 6 chunks of flesh


   Skills:
 * Level 10.0 Fighting
 * Level 8.9 Long Blades
 * Level 8.2 Dodging
 + Level 0.0 Shields
 * Level 9.7 Invocations


You had 6 spell levels left.
You didn't know any spells.

Dungeon Overview and Level Annotations

Branches:
Dungeon (1/1)

Altars:
Ashenzari
Cheibriados
Dithmenos
Elyvilon
Fedhas
Gozag
Kikubaaqudgha
Makhleb
Nemelex Xobeh
Okawaru
Qazlal
Ru
Sif Muna
Trog
Vehumet
Xom
Yredelemnul
Zin
The Shining One
Beogh
Jiyva
Lugonu


Innate Abilities, Weirdness & Mutations

You can breathe waves of freezing cold.
You can buffet flying creatures when you breathe cold.
Your icy white scales are hard (AC +6).
Your body does not fit into most forms of armour.
Your flesh is cold resistant.
You are cold-blooded and may be slowed by cold attacks.
You are agile. (Dex +2)
Your body sometimes deteriorates upon taking damage.
You are frail (-10% HP).
Your system is resistant to poisons.
You are covered in fur (AC +1).


Message History

You hit the swamp dragon but do no damage.
The swamp dragon is almost dead.
The swamp dragon closely misses you. The swamp dragon claws you.
The swamp dragon tramples you!
You hold your ground!
You barely miss the swamp dragon.
The swamp dragon is almost dead.
The swamp dragon bites you! The swamp dragon claws you.
The swamp dragon tramples you.
You hold your ground!
You hit the swamp dragon but do no damage.
The swamp dragon is almost dead.
The swamp dragon bites you!
* * * LOW HITPOINT WARNING * * *
The swamp dragon misses you. x2
You completely miss the swamp dragon.
You tail-slap the swamp dragon, but do no damage.
The swamp dragon is almost dead.
The swamp dragon bites you!
* * * LOW HITPOINT WARNING * * *
The swamp dragon claws you.
You die...

#.#####'#####...<...#
#.#..[.))..##.......#
#.#..[)))..##.......#
#'###########.......#
#.......#..##########
#..#.#..#.# ####
#.##.##.#.#....#
#.......#)#....#
#.##.##.#@DS...+
#..#.#..#'#....#
#.......'.# ...#
########### ###


You could see a swamp dragon and a ball python.

Vanquished Creatures
  A spriggan (D)
  A deep elf fighter (D)
  An ice beast (D)
  2 sky beasts (D)
  A wasp (D)
  2 brain worms (D)
  A jelly (D)
  An iguana (D)
  A hound (D)
  A worker ant (D)
  An iron imp (D)
  An ooze (D)
  A worm (D)
  2 giant geckos (D)
  A bat (D)
  2 goblins (D)
  2 ball pythons (D)
  A giant newt (D)
  A quokka skeleton (D)
24 creatures vanquished.

Notes
Turn   | Place    | Note
--------------------------------------------------------------
     0 | D        | Kidiri the Draconian Abyssal Knight began the quest for the Orb.
     0 | D        | Reached XP level 1. HP: 19/19 MP: 2/2
    48 | D        | Found a sacrificial altar of Ru.
    48 | D        | Found a basalt altar of Yredelemnul.
    48 | D        | Found a shadowy altar of Dithmenos.
    48 | D        | Found a deep blue altar of Sif Muna.
    48 | D        | Found a burning altar of Makhleb.
    48 | D        | Found a shimmering altar of Xom.
    48 | D        | Found an ancient bone altar of Kikubaaqudgha.
    48 | D        | Found a sparkling altar of Nemelex Xobeh.
    49 | D        | Found a glowing golden altar of the Shining One.
    49 | D        | Found a bloodstained altar of Trog.
    49 | D        | Found a shattered altar of Ashenzari.
    49 | D        | Found a white marble altar of Elyvilon.
    49 | D        | Found a snail-covered altar of Cheibriados.
    49 | D        | Found a blossoming altar of Fedhas.
    49 | D        | Found a radiant altar of Vehumet.
    49 | D        | Found a glowing silver altar of Zin.
    49 | D        | Found a corrupted altar of Lugonu.
    49 | D        | Found a viscous altar of Jiyva.
    49 | D        | Found a roughly hewn altar of Beogh.
    49 | D        | Found an iron altar of Okawaru.
    55 | D        | Found a stormy altar of Qazlal.
    55 | D        | Found an opulent altar of Gozag.
    69 | D        | Acquired Lugonu's second power
    77 | D        | Noticed a brain worm
    84 | D        | Killed a brain worm
    84 | D        | Reached skill level 5 in Fighting
    84 | D        | Reached XP level 2. HP: 21/29 MP: 3/5
    84 | D        | Reached XP level 3. HP: 26/36 MP: 3/6
    84 | D        | Reached XP level 4. HP: 30/42 MP: 3/7
   182 | D        | Acquired Lugonu's third power
   288 | D        | Noticed a jelly
   291 | D        | Killed a jelly
   291 | D        | Reached skill level 5 in Invocations
   313 | D        | Reached skill level 6 in Fighting
   315 | D        | Acquired Lugonu's fourth power
   423 | D        | Noticed a brain worm
   423 | D        | Noticed a sky beast
   436 | D        | Killed a brain worm
   436 | D        | Reached skill level 5 in Long Blades
   436 | D        | Reached skill level 5 in Dodging
   436 | D        | Reached XP level 5. HP: 47/51 MP: 9/9
   444 | D        | Noticed an iron imp
   444 | D        | Noticed a sky beast
   445 | D        | Noticed an iguana
   445 | D        | Noticed a worker ant
   464 | D        | Killed a sky beast
   464 | D        | Reached skill level 7 in Fighting
   464 | D        | Reached XP level 6. HP: 42/61 MP: 9/11
   466 | D        | Killed an iron imp
   474 | D        | Killed a worker ant
   474 | D        | Acquired Lugonu's fifth power
   474 | D        | Reached skill level 8 in Fighting
   482 | D        | Killed a sky beast
   489 | D        | Gained mutation: You are covered in fur (AC +1). [mutagenic meat]
   490 | D        | Gained mutation: You are agile. (Dex +2) [mutagenic meat]
   491 | D        | Gained mutation: Your system is resistant to poisons. [mutagenic meat]
   492 | D        | Gained mutation: You are frail (-10% HP). [mutagenic meat]
   493 | D        | Gained mutation: Your body sometimes deteriorates upon taking damage. [mutagenic meat]
   586 | D        | Killed an iguana
   773 | D        | Noticed a hound
   775 | D        | Killed a hound
   777 | D        | Noticed a spriggan rider
   796 | D        | Killed a wasp
   796 | D        | Reached skill level 9 in Fighting
   796 | D        | Your scales start taking on an icy white colour.
   796 | D        | Gained mutation: Your flesh is cold resistant. [White Draconian growth]
   796 | D        | Reached XP level 7. HP: 6/63 MP: 13/13
   799 | D        | Killed a spriggan
  1076 | D        | Noticed an ice beast
  1076 | D        | Noticed a deep elf fighter
  1082 | D        | Killed a deep elf fighter
  1092 | D        | Killed an ice beast
  1092 | D        | Reached skill level 10 in Fighting
  1138 | D        | Noticed a swamp dragon
  1171 | D        | HP: 2/64 [swamp dragon (9)]
  1171 | D        | Slain by a swamp dragon

Vault maps used:
D:        pitsprint

Action                   |  1- 3 |  4- 6 |  7- 9 || total
-------------------------+-------+-------+-------++-------
Melee: Falchion          |    11 |    17 |       ||    28
       Long sword        |       |    57 |    50 ||   107
 Abil: Breathe Frost     |       |       |     1 ||     1
  Use: Potion            |       |     3 |     4 ||     7
  Eat: Chunk             |       |     5 |       ||     5
       Meat ration       |       |       |     1 ||     1
